 Dungeon Crawl Stone Soup version 0.29-a0-106-g0a07039d5a (webtiles) character file.

Game seed: 16155590181672541651

951 anonymous009 the Magician (level 8, -3/52 HPs)
             Began as a Djinni Fire Elementalist on Feb 16, 2022.
             Was a Believer of Qazlal.
             Killed from afar by Blork the orc (8 damage)
             ... with a magic dart
             ... on level 4 of the Dungeon on Feb 17, 2022.
             The game lasted 00:18:43 (5787 turns).

anonymous009 the Magician (DjFE)                    Turns: 5787, Time: 00:18:43

Health: -3/52      AC:  2    Str: 13    XL:     8   Next: 36%
Gold:   226        EV: 13    Int: 20    God:    Qazlal [**....] SH:  3 Dex: 13

rFire   + + .      SeeInvis .   j - +1 mace (protect)
rCold   x . .      Faith    .   (no shield)
rNeg    . . .      Spirit   .   a - +0 robe
rPois   ∞          Reflect  .   (no helmet)
rElec   .          Harm     .   c - scarf {shadows}
rCorr   .          Rampage  .   (no gloves)
Will    +....                   (boots unavailable)
Stlth   ++........              (no amulet)
HPRegen 0.17/turn               n - +6 ring of strength
MPRegen 0.00/turn               o - ring of willpower

@: flying
A: sickness immunity, fire resistance 2, cold vulnerability 1, float, innate
caster, HP casting, extra vitality 1
a: Renounce Religion, Upheaval


You were on level 4 of the Dungeon.
You worshipped Qazlal.
Qazlal was pleased with you.
You visited 1 branch of the dungeon, and saw 5 of its levels.

You collected 226 gold pieces.

Inventory:

Hand Weapons
 j - a +1 mace of protection (weapon)
Armour
 a - a +0 robe (worn)
 c - a scarf of shadows (worn)
Jewellery
 n - a +6 ring of strength (left hand)
 o - a ring of willpower (right hand)
Wands
 p - a wand of polymorph (11)
Scrolls
 b - 2 scrolls of vulnerability {unknown}
 d - 2 scrolls of identify
 f - a scroll of teleportation {unknown}
 k - a scroll of torment
 l - 4 scrolls of enchant weapon {unknown}
 m - a scroll of amnesia {unknown}
Potions
 e - 2 potions of curing {unknown}
 g - a potion of mutation {unknown}
 h - 2 potions of degeneration {unknown}
 i - a potion of brilliance {unknown}


   Skills:
 + Level 1.5 Fighting
 + Level 1.3 Short Blades
 + Level 1.1 Maces & Flails
 + Level 3.8 Dodging
 + Level 2.7 Stealth
 + Level 0.7 Shields
 + Level 6.2 Spellcasting


You couldn't memorise any spells.
You knew the following spells:

 Your Spells              Type           Power      Damage    Failure   Level
a - Foxfire               Conj/Fire      100%       2x1d9     1%          1
b - Scorch                Fire           62%        2d8       1%          2
c - Conjure Flame         Conj/Fire      31%        6-21      2%          3
d - Inner Flame           Hex/Fire       31%        N/A       2%          3
e - Flame Wave            Conj/Fire      31%        2d8       8%          4
f - Beastly Appendage     Tmut           62%        N/A       1%          1
g - Wereblood             Tmut           31%        N/A       1%          2
h - Swiftness             Air            31%        N/A       2%          3
Your spell library was empty.

Dungeon Overview and Level Annotations

Branches:
Dungeon (5/15)
 Temple: D:4-7

Altars:
Qazlal
Ru
Beogh

Annotations:
D:4 Blork the orc


Innate Abilities, Weirdness & Mutations

You are immune to sickness and miasma.
You are immune to poison.
Your flesh is very heat resistant. (rF++)
You are vulnerable to cold. (rC-)
You float through the air rather than walking.
You learn spells naturally, not from books.
Your magical power is your life essence.
You have superior vitality. (+4 MHP)


Message History

Blork the orc is lightly wounded.
The foxfire hits Blork the orc.
Blork the orc is moderately wounded.
Blork the orc hits you with a +0 mace.
Blork the orc screams, "I'm going to kill you!"
Blork the orc gestures at you while chanting.
The puff of frost hits you!
You feel a terrible chill!
Blork the orc looks satisfied for a moment.
Blork the orc barely misses you.
Casting: Foxfire (safe; 1% risk of failure)
Confirm with . or Enter, or press ? or * to list all spells.
You feel quick. Blork the orc hits you with a +0 mace.
Blork the orc misses you. Blork the orc casts a spell at you.
The puff of flame hits you. You resist.
Blork the orc is no longer moving quickly.
Blork the orc casts a spell at you. The puff of frost hits you!
You feel a terrible chill!
* * * LOW HITPOINT WARNING * * *
You start to feel a little slower.
You feel sluggish.
Blork the orc grins evilly.
Blork the orc gestures at you while chanting.
The magic dart hits you.
* * * LOW HITPOINT WARNING * * *
You start to feel a little faster.
Blork the orc screams, "I'll break your legs!"
Casting: Swiftness (dangerous; 2% risk of failure)
Confirm with . or Enter, or press ? or * to list all spells.
This spell is already in effect.
You no longer feel sluggish.
Things that are here:
a +0 flail; a +0 leather armour Blork the orc screams, "You are the ugliest creature I've ever seen!"
Blork the orc casts a spell at you. The magic dart hits you!
* * * LOW HITPOINT WARNING * * *
Blork the orc gestures at you while chanting.
The magic dart hits you!
You die...

#.###
##...####.._...## ###
##..###)....###
###....#...#
##o..##.P..# .#
##...###....# #.##
##..### #.P...# #...
##.### #.P....# #...
##.## #...##..
#..##@## #...# ..
###.....# ##..≈.#
#......## ##...≈.##.
.......## ##..#.≈.#..
........#####.....≈.):
##.......†..........#
##......####...#...#
#....### ###.#..#####
.....## #........#


You could see Blork the orc.

Vanquished Creatures
  Menkaure (D:5)
  A vampire mosquito (D:5)
  An ogre (D:5)
  A necrophage (D:5)
  A phantom (D:4)
  A scorpion (D:4)
  A water moccasin skeleton (D:2)
  A hound (D:5)
  A bullfrog skeleton (D:5)
  A centaur skeleton (D:5)
  A gnoll shaman (D:4)
  An iguana (D:5)
  An orc wizard (D:4)
  A howler monkey zombie (D:5)
  3 gnolls (D:4)
  6 adders
  An ufetubus (D:5)
  An adder skeleton (D:4)
  3 worms
  8 orcs
  7 bats
  5 endoplasms
  4 giant cockroaches
  7 goblins
  6 hobgoblins
  4 quokkas
  8 ball pythons
  A frilled lizard (D:4)
  7 kobolds
  4 rats
  2 foxfires
91 creatures vanquished.

Vanquished Creatures (collateral kills)
  A foxfire (D:1)
1 creature vanquished.

Vanquished Creatures (others)
  70 foxfires
  A fungus (D:4)
71 creatures vanquished.

Grand Total: 163 creatures vanquished

Notes
Turn   | Place    | Note
-------+----------+-------------------------------------------
     0 | D:1      | anonymous009 the Djinni Fire Elementalist began the quest
                  | for the Orb.
     0 | D:1      | Reached XP level 1. HP: 15/15 MP: 0/0
   459 | D:1      | Reached XP level 2. HP: 20/21 MP: 0/0
   640 | D:1      | Reached skill level 3 in Spellcasting
   713 | D:1      | Reached XP level 3. HP: 24/25 MP: 0/0
   713 | D:1      | Learned a level 1 spell: Beastly Appendage
   771 | D:1      | Found a faded altar of an unknown god.
   884 | D:1      | Prayed at the altar of an unknown god.
   884 | D:1      | Became a worshipper of Qazlal Stormbringer
   884 | D:1      | Reached * piety under Qazlal
  1338 | D:2      | Reached skill level 1 in Short Blades
  1338 | D:2      | Reached XP level 4. HP: 15/31 MP: 0/0
  2039 | D:2      | Reached XP level 5. HP: 27/36 MP: 0/0
  2039 | D:2      | Learned a level 2 spell: Wereblood
  2131 | D:2      | Found a sacrificial altar of Ru.
  3039 | D:3      | You are sucked into a shaft and drop 2 floors!
  3039 | D:5      | Entered Level 5 of the Dungeon
  3148 | D:5      | Reached skill level 1 in Fighting
  3400 | D:5      | Noticed a necrophage
  3407 | D:5      | Killed a necrophage
  3408 | D:5      | Reached skill level 1 in Maces & Flails
  3408 | D:5      | Reached skill level 4 in Spellcasting
  3408 | D:5      | Reached XP level 6. HP: 26/42 MP: 0/0
  3409 | D:5      | Reached ** piety under Qazlal
  4048 | D:5      | Noticed an ogre
  4055 | D:5      | Killed an ogre
  4056 | D:5      | Reached XP level 7. HP: 15/47 MP: 0/0
  4056 | D:5      | Learned a level 3 spell: Swiftness
  4192 | D:5      | Noticed a vampire mosquito
  4199 | D:5      | Killed a vampire mosquito
  4200 | D:5      | Reached skill level 5 in Spellcasting
  4326 | D:5      | Noticed Menkaure
  4331 | D:5      | Killed Menkaure
  4612 | D:4      | Reached XP level 8. HP: 38/52 MP: 0/0
  5174 | D:4      | Found a sacrificial altar of Ru.
  5189 | D:4      | Reached skill level 6 in Spellcasting
  5710 | D:4      | Noticed Blork the orc
  5787 | D:4      | Killed from afar by Blork the orc

Illustrated notes

Levels and vault maps discovered:
D:1:      tarquinn_simple_flora_water_d, layout_rooms,
          hellmonk_ecumenical_altar_defaced_shrine, minmay_tromino_v7
D:2:      layout_loops_ring, basic_altar, minivault_19, bh_walls_and_bars
D:3:      layout_basic, minmay_misc_feat_iff, grunt_decor_cap
D:4:      layout_layer_cave, mainiacjoe_overflow_boulevard, uniq_blork_the_orc
D:5:      layout_gridville, uniq_menkaure

Skill      XL: |  1  2  3  4  5  6  7  8 |
---------------+-------------------------+-----
Spellcasting   | 3 4 5 6 |  6.2
Short Blades   | 1 |  1.3
Stealth        | 2 |  2.7
Fighting       | 1 |  1.5
Maces & Flails | 1 |  1.1
Dodging        | 3 |  3.8
Shields        | |  0.7

Action                   |  1- 3 |  4- 6 |  7- 9 || total
-------------------------+-------+-------+-------++-------
Melee: Short sword       |    28 |    29 |       ||    57
       Punch             |       |     2 |       ||     2
       Mace              |       |    24 |     1 ||    25
 Cast: Foxfire           |    31 |    10 |    13 ||    54
       Scorch            |     4 |    48 |    56 ||   108
       Conjure Flame     |       |     2 |       ||     2
       Beastly Appendage |       |     1 |       ||     1
       Wereblood         |       |     1 |       ||     1
       Swiftness         |       |       |     1 ||     1
Evoke: Wand              |       |       |     2 ||     2
  Use: Potion            |     1 |       |     1 ||     2
       Scroll            |       |       |     1 ||     1
Armor: Robe              |    13 |    38 |       ||    51
Dodge: Dodged            |    46 |    69 |    12 ||   127
Block: Other             |       |    15 |     1 ||    16

Table legend: (Time is in decaauts)
 A = Elapsed time spent in this place.
 B = Non-inter-level travel time spent in this place.
 C = Inter-level travel time spent in this place.
 D = Time resting spent in this place.
 E = Time spent auto-exploring this place.
 F = Levels seen in this place.
 G = Mean time per level.
                   A        B        C        D        E       F      G
               +--------+--------+--------+--------+--------+-----+--------+
         Total |   5798 |   5678 |    120 |   2382 |   2143 |   5 | 1159.6 |
       Dungeon |   5798 |   5678 |    120 |   2382 |   2143 |   5 | 1159.6 |
               +--------+--------+--------+--------+--------+-----+--------+

Top non-repeatable levels by time:
     D:5: 1545 daAuts
     D:1: 1330 daAuts
     D:2: 1217 daAuts
     D:4: 1202 daAuts
     D:3: 501 daAuts
